 Dungeon Crawl Stone Soup version 0.29-a0-384-g6960b1960d (webtiles) character file.

Game seed: 11018632288331176248

41 zishaf the Magician (level 3, 0/27 HPs)
             Began as a Djinni Venom Mage on May 6, 2022.
             Killed by nerve-wracking pain
             ... invoked by Jessica
              (14 damage)
             ... on level 2 of the Dungeon.
             The game lasted 00:03:15 (1868 turns).

zishaf the Magician (Djinni Venom Mage)             Turns: 1868, Time: 00:03:16

Health: 0/27       AC:  2    Str:  7    XL:     3   Next: 75%
Gold:   34         EV: 12    Int: 18    God:
                   SH:  0    Dex: 13

rFire   + + .      SeeInvis .   c - +0 dagger
rCold   x . .      Faith    .   (no shield)
rNeg    . . .      Spirit   .   a - +0 robe
rPois   ∞          Reflect  .   (no helmet)
rElec   .          Harm     .   (no cloak)
rCorr   .          Rampage  .   (no gloves)
Will    .....                   (boots unavailable)
Stlth   ++........              (no amulet)
HPRegen 0.09/turn               (no ring)
MPRegen 0.00/turn               (no ring)

@: flying, very slightly contaminated
A: sickness immunity, fire resistance 2, cold vulnerability 1, float, innate
caster, HP casting, extra vitality 1
a: no special abilities


You were on level 2 of the Dungeon.
You visited 1 branch of the dungeon, and saw 2 of its levels.

You collected 34 gold pieces.

Inventory:

Hand Weapons
 c - a +0 dagger (weapon)
Missiles
 b - 2 silver boomerangs
Armour
 a - a +0 robe (worn)
Scrolls
 d - a scroll of amnesia {unknown}
 f - a scroll of blinking {unknown}
 j - 3 scrolls of identify {unknown}
 k - a scroll of poison {unknown}
 l - 2 scrolls of immolation {unknown}
Potions
 e - a potion of curing {unknown}
 g - a potion of haste {unknown}
 h - a potion of heal wounds {unknown}
 i - a potion of degeneration {unknown}
 m - a potion of resistance {unknown}


   Skills:
 + Level 1.5 Fighting
 - Level 2.1 Dodging
 - Level 1.5 Stealth
 * Level 3.2 Spellcasting


You couldn't memorise any spells.
You knew the following spells:

 Your Spells              Type           Power      Damage    Failure   Level
a - Sting                 Tmut/Pois      56%        1d5       4%          1
b - Poisonous Vapours     Pois/Air       28%        N/A       6%          2
c - Mephitic Cloud        Conj/Pois/Air  14%        N/A       13%         3
d - Olgreb's Toxic Radia  Pois           14%        N/A       38%         4
e - Freeze                Ice            56%        1d7       4%          1
Your spell library was empty.

Dungeon Overview and Level Annotations

Branches:
Dungeon (2/15)

Altars:

Shops:
D:1 *   D:2 [

Annotations:
D:2 Jessica


Innate Abilities, Weirdness & Mutations

You are immune to sickness and miasma.
You are immune to poison.
Your flesh is very heat resistant. (rF++)
You are vulnerable to cold. (rC-)
You float through the air rather than walking.
You learn spells naturally, not from books.
Your magical power is your life essence.
You have superior vitality. (+4 MHP)


Message History

Aim: a goblin, wielding a +0 club (64% to hit)
The sting hits the goblin.
The goblin is poisoned.
You kill the goblin!
Casting: Sting (safe; 4% risk of failure)
Confirm with . or Enter, or press ? or * to list all spells.
You can't see any susceptible monsters within range! (Use Z to cast anyway.) Jessica is nearby!
Jessica is nearby!
Jessica shouts!
Jessica casts a spell.
Jessica seems to speed up.
Things that are here:
a +0 club; a +0 club; a goblin corpse
Casting: Sting (safe; 4% risk of failure)
Confirm with . or Enter, or press ? or * to list all spells.
Okay, then.
Casting: Sting (safe; 4% risk of failure)
Confirm with . or Enter, or press ? or * to list all spells.
Aiming: Poisonous Vapours (safe; 6% risk of failure)
Press: ? - help, Dir - move target, f - Jessica
Aim: Jessica, wielding a +0 short sword and wearing a +0 leather armour (fast) Poisonous vapours surround Jessica!
Jessica is poisoned.
Casting: Poisonous Vapours (safe; 6% risk of failure)
Confirm with . or Enter, or press ? or * to list all spells.
Aiming: Poisonous Vapours (safe; 6% risk of failure)
Press: ? - help, Dir - move target, f/p - Jessica
Aim: Jessica, wielding a +0 short sword and wearing a +0 leather armour (fast, poisoned)
You miscast Poisonous Vapours.
You are very lightly contaminated with residual magic.
Nothing appears to happen.
Casting: Poisonous Vapours (safe; 6% risk of failure)
Confirm with . or Enter, or press ? or * to list all spells.
Aiming: Poisonous Vapours (safe; 6% risk of failure)
Press: ? - help, Dir - move target, f/p - Jessica
Aim: Jessica, wielding a +0 short sword and wearing a +0 leather armour (fast, poisoned) Poisonous vapours surround Jessica!
Jessica looks even sicker.
Jessica points at you and mumbles some strange words.
Pain shoots through your body!
Ouch! That really hurt!
You die...

#..............
#..............#
##..............
#.............##
#...............
#......@........
#..............
#...#).......#
#...@......#.. .##
##............ ..
##.......... #
#.....[..#
#........# #
##.....#.# #.
##...##.# #.!
##.....# .###..
##......##...##..#


You could see Jessica (fast, very poisoned).

Vanquished Creatures
  2 dart slugs (D:1)
  4 bats (D:1)
  4 endoplasms
  5 goblins
  6 jackals
  2 quokkas
  4 ball pythons (D:1)
  A frilled lizard (D:2)
  A kobold (D:1)
  4 rats (D:2)
33 creatures vanquished.

Notes
Turn   | Place    | Note
-------+----------+-------------------------------------------
     0 | D:1      | zishaf the Djinni Venom Mage began the quest for the Orb.
     0 | D:1      | Reached XP level 1. HP: 15/15 MP: 0/0
   356 | D:1      | Reached XP level 2. HP: 19/22 MP: 0/0
   499 | D:1      | Reached skill level 1 in Fighting
   751 | D:1      | Reached XP level 3. HP: 17/27 MP: 0/0
   751 | D:1      | Learned a level 1 spell: Freeze
   893 | D:1      | Reached skill level 3 in Spellcasting
  1150 | D:1      | Found Dialufy's General Store.
  1331 | D:2      | Noticed Jessica
  1370 | D:2      | Found Afrowam's Antique Armour Emporium.
  1868 | D:2      | Killed from afar by Jessica

Illustrated notes

Levels and vault maps discovered:
D:1:      dpeg_arrival_signposts, layout_basic, serial_shops, shop
D:2:      layout_rooms, serial_shops, nicolae_shop_overgrown_old_shop,
          ebering_ecumenical_altar_hall, minmay_liquid_box, uniq_jessica

Skill      XL: |  1  2  3 |
---------------+----------+-----
Fighting       | 1 |  1.5
Spellcasting   | 3 |  3.2
Dodging        | |  2.1
Stealth        | |  1.5

Action                   || total
-------------------------++-------
Melee: Unarmed           ||     2
       Dagger            ||    10
 Cast: Sting             ||    58
       Poisonous Vapours ||     2
Armor: Robe              ||    12
Dodge: Dodged            ||    33

Table legend: (Time is in decaauts)
 A = Elapsed time spent in this place.
 B = Non-inter-level travel time spent in this place.
 C = Inter-level travel time spent in this place.
 D = Time resting spent in this place.
 E = Time spent auto-exploring this place.
 F = Levels seen in this place.
 G = Mean time per level.
                   A        B        C        D        E       F      G
               +--------+--------+--------+--------+--------+-----+--------+
         Total |   1869 |   1811 |     58 |    466 |   1136 |   2 |  934.5 |
       Dungeon |   1869 |   1811 |     58 |    466 |   1136 |   2 |  934.5 |
               +--------+--------+--------+--------+--------+-----+--------+

Top non-repeatable levels by time:
     D:1: 1402 daAuts
     D:2: 466 daAuts
